 Dungeon Crawl Stone Soup version 0.26.1-2-gb8aa6d0cf2 (webtiles) character file.

Game seed: 9157996744065499781

120 FishyPogo the Firebug (level 4, -17/35 HPs)
             Began as a Draconian Fire Elementalist on Mar 1, 2021.
             Was a Believer of Makhleb.
             Blown up by Ijyb (20 damage)
             ... with a disintegration bolt
             ... on level 3 of the Dungeon.
             The game lasted 00:11:20 (1913 turns).

FishyPogo the Firebug (Draconian Fire Elementalist) Turns: 1913, Time: 00:11:21

Health: -17/35     AC:  6    Str: 11    XL:     4   Next: 75%
Magic:  8/8        EV: 12    Int: 16    God:    Makhleb [**....]
Gold:   144        SH:  0    Dex: 11    Spells: 8/9 levels left

rFire    . . .     SeeInvis .   o - +2 mace (vorpal)
rCold    . . .     Faith    .   (no shield)
rNeg     . . .     Spirit   .   (armour unavailable)
rPois    .         Reflect  .   (helmet restricted)
rElec    .         Harm     .   a - scarf {shadows}
rCorr    .         Rampage  .   (no gloves)
Will     .....                  f - +0 pair of boots {Fly}
Stlth    ++........             (no amulet)
HPRegen  0.11/turn              (no ring)
MPRegen  0.11/turn              (no ring)

@: flying
A: unfitting armour, cold-blooded, AC +5
a: Stop Flying, Renounce Religion, Minor Destruction


You were on level 3 of the Dungeon.
You worshipped Makhleb.
Makhleb was pleased with you.
You visited 1 branch of the dungeon, and saw 3 of its levels.

You collected 144 gold pieces.

Inventory:

Hand Weapons
 d - a +0 dagger
 o - a +2 vorpal mace (weapon)
Missiles
 c - 55 stones
 e - 22 poisoned darts
 n - 4 boomerangs of dispersal
Armour
 a - a scarf of shadows (worn)
 f - a +0 pair of boots of flying (worn)
Scrolls
 b - a scroll of random uselessness {unknown}
 h - a scroll of enchant weapon {unknown}
 i - 2 scrolls of teleportation {unknown}
 j - a scroll of magic mapping {unknown}
 l - 2 scrolls of identify {unknown}
Potions
 g - a potion of flight {unknown}
 k - a potion of attraction {unknown}
 m - a potion of mutation {unknown}


   Skills:
 + Level 1.6 Fighting
 - Level 2.0 Dodging
 - Level 2.0 Stealth
 + Level 3.0 Spellcasting
 * Level 2.5 Conjurations
 + Level 3.4 Fire Magic
 + Level 0.3 Invocations


You had 8 spell levels left.
You knew the following spells:

 Your Spells              Type           Power        Failure   Level
y - Foxfire               Conj/Fire      24%          5%          1

Your spell library contained the following spells:

 Spells                   Type           Power        Failure   Level
 Conjure Flame            Conj/Fire      6%           16%         3
 Inner Flame              Hex/Fire       4%           26%         3
 Sticky Flame             Conj/Fire      6%           47%         4
 Fireball                 Conj/Fire      3%           83%         5


Dungeon Overview and Level Annotations

Branches:
Dungeon (3/15)

Altars:
Makhleb

Annotations:
D:3 Ijyb


Innate Abilities, Weirdness & Mutations

Your plain brown scales are hard. (AC +5)
You cannot fit into any form of body armour.
You are cold-blooded and may be slowed by cold attacks.


Message History

Ijyb is moderately wounded.
Ijyb barely misses you.
You closely miss Ijyb.
Ijyb is moderately wounded.
Ijyb zaps a wand.
You are blasted!
Ouch! That really hurt!
* * * LOW HITPOINT WARNING * * *
You closely miss Ijyb.
Ijyb is moderately wounded.
Ijyb zaps a wand.
You are blasted!
* * * LOW HITPOINT WARNING * * *
Ijyb zaps a wand.
You barely resist. You closely miss Ijyb.
Ijyb is moderately wounded.
Ijyb closely misses you.
You closely miss Ijyb.
Your tail-slap misses Ijyb.
Ijyb is moderately wounded.
Ijyb zaps a wand.
You are blasted!
Ouch! That really hurt!
You die...

# #....# #....#
##..#.######
.>.....)^...# ....
..<§§.†#.##.# ...
####.###)# .# ..# # #.
##.##.## ..#.#
#.##......#######..#.#
#.......#....@go.....#
####......######...###.#
#####.........#.....# ##
#.#######...###.### .#
#.# ##.####.... .#
#.##### #.....##### ##
#.....# ###........
#.###.# #.#.##### #.#
#.# #†#.#


You could see Ijyb and an orc.

Vanquished Creatures
  4 adders
  2 oozes (D:1)
  2 worms (D:2)
  2 dart slugs
  2 leopard geckos
  6 orcs (D:3)
  A ball python (D:2)
  3 giant cockroaches (D:1)
  3 goblins
  7 hobgoblins
  2 jackals (D:1)
  A quokka (D:2)
  4 bats (D:2)
  2 frilled lizards
  10 kobolds
  7 rats
58 creatures vanquished.

Vanquished Creatures (others)
  118 foxfires
118 creatures vanquished.

Grand Total: 176 creatures vanquished

Notes
Turn   | Place    | Note
-------+----------+-------------------------------------------
     0 | D:1      | FishyPogo the Draconian Fire Elementalist began the quest
                  | for the Orb.
     0 | D:1      | Reached XP level 1. HP: 14/14 MP: 3/3
   207 | D:1      | Reached XP level 2. HP: 20/20 MP: 3/5
   546 | D:1      | Reached XP level 3. HP: 27/27 MP: 1/6
   876 | D:2      | Reached skill level 1 in Fighting
   880 | D:2      | Found a faded altar of an unknown god.
   888 | D:2      | Became a worshipper of Makhleb the Destroyer
   888 | D:2      | Reached * piety under Makhleb
  1116 | D:2      | Reached XP level 4. HP: 35/35 MP: 4/8
  1553 | D:3      | Reached ** piety under Makhleb
  1894 | D:3      | Noticed Ijyb
  1913 | D:3      | Blown up by Ijyb

Illustrated notes

Levels and vault maps discovered:
D:1:      minmay_arrival_four_circles, layout_rooms
D:2:      layout_rooms, chequers_ecumenical_altar_island
D:3:      layout_loops_ring, ebering_ghost_reflecting_pool, grunt_ministairs_10,
          minmay_ogre_servants, uniq_ijyb

Skill      XL: |  1  2  3  4 |
---------------+-------------+-----
Stealth        | 2 |  2.0
Dodging        | 2 |  2.0
Fighting       | 1 |  1.6
Conjurations   | 2 |  2.5
Spellcasting   | 3 |  3.0
Fire Magic     | |  3.4
Invocations    | |  0.3

Action                   |  1- 3 |  4- 6 || total
-------------------------+-------+-------++-------
Melee: Unarmed           |    35 |       ||    35
       Dagger            |    56 |    54 ||   110
       Tailslap          |     4 |     9 ||    13
       Mace              |       |    18 ||    18
 Cast: Foxfire           |    46 |    29 ||    75
Invok: Minor Destruction |       |     1 ||     1
 Stab: Sleeping          |     2 |     1 ||     3
Armor: Skin              |    27 |    25 ||    52
Dodge: Dodged            |    58 |    41 ||    99
